[Event "Late-Titled-Tuesday-Blitz-May-07-2024"]
[Site "Chess.com"]
[Date "2024.05.07"]
[Round "1"]
[White "Zura_19"]
[Black "Shiner22"]
[Result "1-0"]
[WhiteElo "2627"]
[BlackElo "2275"]
[TimeControl "180+1"]
[EndTime "14:02:36 PDT"]
[Termination "Zura_19 won by resignation"]

1. d4 Nf6 2. Bg5 e6 3. e4 h6 4. Bxf6 Qxf6 5. Nc3 d6 6. Qd2 g5 7. g3 Nc6 8. O-O-O Bd7 9. f4 O-O-O 10. Nf3 gxf4 11. gxf4 e5 12. f5 exd4 13. Nd5 Qg7 14. Rg1 Qh7 15. Nf6 Qg7 16. Rxg7 Bxg7 17. Nxd7 Rxd7 18.
f6 1-0

[Event "Late-Titled-Tuesday-Blitz-May-07-2024"]
[Site "Chess.com"]
[Date "2024.05.07"]
[Round "1"]
[White "Adar_07"]
[Black "sudtirolese06"]
[Result "1-0"]
[WhiteElo "2732"]
[BlackElo "2423"]
[TimeControl "180+1"]
[EndTime "14:02:44 PDT"]
[Termination "Adar_07 won by checkmate"]

1. e4 g6 2. d4 Bg7 3. Nf3 d6 4.
Bc4 Nf6 5. Qe2 O-O 6. e5 Nfd7 7. e6 fxe6 8. Ng5 Nb6 9. Bxe6+ Kh8 10. h4 Nc6 11. c3 Rf6 12. Nf7+ Rxf7 13. Bxf7 Qf8 14. Bb3 e5 15. h5 gxh5 16. Rxh5 exd4 17. Qe4 h6 18. Bxh6 Bxh6 19. Rxh6+ Qxh6 20. Qe8+ Kg7 21. Qf7+ Kh8 22. Qg8# 1-0

[Event "Late-Titled-Tuesday-Blitz-May-07-2024"]
[Site "Chess.com"]
[Date "2024.05.07"]
[Round "1"]
[White "LeninGuerra"]
[Black "Kostukov_Alex"]
[Result "1-0"]
[WhiteElo "2670"]
[BlackElo "2377"]
[TimeControl "180+1"]
[EndTime "14:02:59 PDT"]
[Termination "LeninGuerra won by resignation"]

1. e4 c5 2. Nf3 g6 3. c3 Bg7 4. Bd3 Nc6 5. Bc2 Nf6 6. O-O O-O 7. e5 Ng4 8. d4 cxd4 9. cxd4 d5 10. h3 Nh6 11.
Nc3 e6 12. Bg5 Qd7 13. Qd2 Nf5 14. Bxf5 gxf5 15. Bf6 Bxf6 16. exf6 Kh8 17. Qh6 Rg8 18. Ng5 1-0

[Event "Late-Titled-Tuesday-Blitz-May-07-2024"]
[Site "Chess.com"]
[Date "2024.05.07"]
[Round "1"]
[White "oskariot"]
[Black "Sandstad"]
[Result "1-0"]
[WhiteElo "2755"]
[BlackElo "2436"]
[TimeControl "180+1"]
[EndTime "14:03:12 PDT"]
[Termination "oskariot won by resignation"]

1. e4 c6 2. d4 d5 3. Nd2 g6 4. Ngf3 Bg7 5. h3 h6 6. c3 b6 7. e5 Ba6 8. Bxa6 Nxa6 9. Qa4 Nb8 10. e6 fxe6 11. Qc2 g5 12. Qg6+ Kf8 13. Ne5 Bxe5 14. dxe5 Nd7 15. Nf3 Nc5 16. b4 Ne4 17. Nd4 1-0

[Event "Late-Titled-Tuesday-Blitz-May-07-2024"]
[Site "Chess.com"]
[Date "2024.05.07"]
[Round "1"]
[White "RantomOpening"]
[Black "Kiborg95"]
[Result "0-1"]
[WhiteElo "2489"]
[BlackElo "2831"]
[TimeControl "180+1"]
[EndTime "14:03:13 PDT"]
[Termination "Kiborg95 won by resignation"]

1. c4 d6 2. Nf3 g6 3. Nc3 Bg7 4. d4 Nd7 5. e4 e5 6. Be2 Nh6 7. O-O O-O 8. Bg5 f6 9. Be3 c6 10. dxe5 dxe5 11. Qc2 Qe7 12. c5 Ng4 13. b4 Nxe3 14.
fxe3 Bh6 15. Bc4+ Kg7 16. Qe2 b5 17. Bb3 a5 18. a3 Rd8 19. Rfd1 Nf8 20. Rxd8 Qxd8 21.
Rd1 Qc7 22. h3 axb4 23. axb4 Ra3 24. Qb2 Bxe3+ 25. Kh2 Ra7 26. Rd6 Ra8 27. Nd1 Bh6 28.
Nxe5 Bf4+ 29. g3 Bxe5 0-1

[Event "Late-Titled-Tuesday-Blitz-May-07-2024"]
[Site "Chess.com"]
[Date "2024.05.07"]
[Round "1"]
[White "ContrVersia"]
[Black "Artemiki"]
[Result "1-0"]
[WhiteElo "2879"]
[BlackElo "2515"]
[TimeControl "180+1"]
[EndTime "14:03:24 PDT"]
[Termination "ContrVersia won by resignation"]

1. e4 c5 2. Nf3 e6 3. b3 Nf6 4. e5 Nd5 5. Bb2 Nc6 6. c4 Nc7 7. Nc3 g5 8. Ne4 Be7 9. h3 h5 10. Be2 b6 11. Nf6+ Kf8 12. Nxg5 Nxe5 13. Ngh7+ Kg7 14.
Bxe5 d6 15. Bxh5 1-0

[Event "Late-Titled-Tuesday-Blitz-May-07-2024"]
[Site "Chess.com"]
[Date "2024.05.07"]
[Round "1"]
[White "BardArtem"]
[Black "duone"]
[Result "1-0"]
[WhiteElo "2766"]
[BlackElo "2443"]
[TimeControl "180+1"]
[EndTime "14:03:28 PDT"]
[Termination "BardArtem won by checkmate"]

1. e4 c5 2. Nf3 e6 3. c3 d5 4.
exd5 exd5 5. d4 Nf6 6. Bb5+ Bd7 7.
Bxd7+ Nbxd7 8. O-O Be7 9. dxc5 Nxc5 10. Be3 Ne6 11. Re1 O-O 12. Nd4 Ne4 13. Nd2 N6c5 14. Nxe4 Nxe4 15. Qg4 Qc8 16. Nf5 Bf6 17. Bd4 g6 18.
Bxf6 Qxf5 19. Qxf5 gxf5 20. Bd4 Rfe8 21. f3 Nd6 22.
Kf2 a6 23. Rxe8+ Rxe8 24. Rd1 Nc4 25. b3 Na3 26. Bc5 Nb5 27. Rxd5 Nxc3 28. Rxf5 Re2+ 29.
Kf1 Rxa2 30. Rg5+ Kh8 31. Bd4+ f6 32. Bxf6# 1-0

[Event "Late-Titled-Tuesday-Blitz-May-07-2024"]
[Site "Chess.com"]
[Date "2024.05.07"]
[Round "1"]
[White "Rital44"]
[Black "tgpgoat"]
[Result "1-0"]
[WhiteElo "2720"]
[BlackElo "2412"]
[TimeControl "180+1"]
[EndTime "14:03:29 PDT"]
[Termination "Rital44 won by resignation"]

1. e4 c5 2. Nf3 e6 3. d3 Nc6 4.
Qe2 Qc7 5. g3 Nf6 6. Bg2 d6 7. O-O Be7 8. b3 O-O 9. Bb2 e5 10. Nc3 Bg4 11. h3 Nd4 12. Qd1 Nxf3+ 13. Bxf3 Bxh3 14. Re1 Be6 15. Kg2 h6 16. Rh1 Nh7 17.
Bg4 Qd7 18. Bxe6 Qxe6 19. Nd5 Bd8 20. Ne3 b5 21. a4 bxa4 22. Rxa4 Bb6 23. Bc1 Nf6 24.
c4 Rab8 25. Nf5 d5 26. cxd5 Nxd5 27. Qg4 Nc3 1-0

[Event "Late-Titled-Tuesday-Blitz-May-07-2024"]
[Site "Chess.com"]
[Date "2024.05.07"]
[Round "1"]
[White "prime-morty"]
[Black "allvim"]
[Result "1-0"]
[WhiteElo "2712"]
[BlackElo "2406"]
[TimeControl "180+1"]
[EndTime "14:03:31 PDT"]
[Termination "prime-morty won by resignation"]

1. c4 Nf6 2. Nc3 e6 3. e4 d5 4. cxd5 exd5 5. e5 Nfd7 6. d4 c6 7. f4 Be7 8. Nf3 O-O 9. Bd3 Re8 10. O-O Nf8 11. f5 c5 12. f6 gxf6 13. exf6 Bxf6 14. dxc5 Ng6 15. Bxg6 hxg6 16. Nxd5 Bg7 17. Bg5 Qa5 18. b4 Qa6 19. Nc7 1-0

[Event "Late-Titled-Tuesday-Blitz-May-07-2024"]
[Site "Chess.com"]
[Date "2024.05.07"]
[Round "1"]
[White "schondeln"]
[Black "Ditman2007"]
[Result "0-1"]
[WhiteElo "2383"]
[BlackElo "2691"]
[TimeControl "180+1"]
[EndTime "14:03:47 PDT"]
[Termination "Ditman2007 won by resignation"]

1. e4 c5 2. Nf3 d6 3. Bc4 Nc6 4. O-O e6 5. Re1 Nf6 6. Bf1 Be7 7. c3 O-O 8. d4 cxd4 9. cxd4 d5 10.
e5 Ne4 11. Bd3 f5 12. exf6 Nxf6 13. Nc3 a6 14. Bf4 Ne4 15. Bg3 Nxg3 16. hxg3 Bf6 17.
Ne5 Bxe5 18. dxe5 Qg5 19. Qe2 b5 20. Rac1 Bb7 21. a3 Nd4 22. Qe3 Qxe3 23. Rxe3 Nb3 24. Ree1 d4 25. Be4 Bxe4 26. Nxe4 Nxc1 27. Rxc1 Rac8 28.
Rd1 Rfd8 29. Nd6 Rc5 30. f4 Rd5 31. Kf2 Rd7 32. Kf3 Rc7 33. Ke4 Rc2 34. f5 Rcc5 35.
fxe6 Rxe5+ 36. Kxd4 Rcd5+ 37. Kc3 Rxd1 0-1

[Event "Late-Titled-Tuesday-Blitz-May-07-2024"]
[Site "Chess.com"]
[Date "2024.05.07"]
[Round "1"]
[White "Goryachkina"]
[Black "jbking07"]
[Result "1-0"]
[WhiteElo "2704"]
[BlackElo "2400"]
[TimeControl "180+1"]
[EndTime "14:03:54 PDT"]
[Termination "Goryachkina won by resignation"]

1. e4 c5 2. Nf3 Nc6 3. Bb5 e6 4. Bxc6 dxc6 5. d3 g6 6. O-O Bg7 7. e5 h6 8. Nbd2 Ne7 9. Ne4 b6 10. Nd6+ Kf8 11. Ne4 Nd5 12. a4 Ba6 13. Re1 Qc7 14.
Bd2 c4 15. dxc4 Bxc4 16. b3 Ba6 17. c4 Ne7 18. c5 Rd8 19. Qc1 Nf5 20. cxb6 axb6 21.
a5 Kg8 22. axb6 Qb7 23. Nc5 1-0

[Event "Late-Titled-Tuesday-Blitz-May-07-2024"]
[Site "Chess.com"]
[Date "2024.05.07"]
[Round "1"]
[White "Caterpiller35"]
[Black "CSB7"]
[Result "0-1"]
[WhiteElo "2443"]
[BlackElo "2768"]
[TimeControl "180+1"]
[EndTime "14:03:56 PDT"]
[Termination "CSB7 won by resignation"]

1. d4 Nf6 2. Bg5 Ne4 3. Bf4 c5 4. f3 Qa5+ 5. c3 Nf6 6. Nd2 cxd4 7. Nb3 Qd8 8. cxd4 d5 9. e3 Nc6 10. Bd3 g6 11. g4 Bg7 12. Rc1 O-O 13. Ne2 Re8 14.
Bb5 e5 15. Bxc6 bxc6 16. Bxe5 Bxg4 17. Bxf6 Qxf6 18. fxg4 Rxe3 19. Kd2 Rae8 20. Ng3 Qf2+ 0-1

[Event "Late-Titled-Tuesday-Blitz-May-07-2024"]
[Site "Chess.com"]
[Date "2024.05.07"]
[Round "1"]
[White "Onthequiet"]
[Black "ReadySkate"]
[Result "0-1"]
[WhiteElo "2391"]
[BlackElo "2703"]
[TimeControl "180+1"]
[EndTime "14:04:04 PDT"]
[Termination "ReadySkate won by resignation"]

1. Nf3 Nf6 2. b3 g6 3. Bb2 Bg7 4. g3 O-O 5. Bg2 d5 6. c4 c6 7. O-O Nbd7 8. d3 Re8 9. Nbd2 e5 10. Ne1 e4 11. Nc2 Nc5 12. dxe4 dxe4 13. Ne3 Qe7 14. Qc2 Ng4 15. Nxg4 Bxb2 16. Nh6+ Kg7 17. Qxb2+ Kxh6 18. b4 Na4 19. Qb3 e3 20. Qxa4 exd2 21.
Bf3 Bh3 22. Rfd1 Rad8 23. Qxa7 Qxb4 24. Rab1 Qxb1 0-1

[Event "Late-Titled-Tuesday-Blitz-May-07-2024"]
[Site "Chess.com"]
[Date "2024.05.07"]
[Round "1"]
[White "ccccvhhhj"]
[Black "bascheyaro"]
[Result "0-1"]
[WhiteElo "2491"]
[BlackElo "2834"]
[TimeControl "180+1"]
[EndTime "14:04:06 PDT"]
[Termination "bascheyaro won by checkmate"]

1. e4 e6 2. Nf3 d5 3. e5 c5 4. b4 Nc6 5. bxc5 d4 6. Bd3 Bxc5 7.
c3 Nge7 8. O-O h6 9. Na3 O-O 10. Nc4 b5 11. Nd6 Nxe5 12. Nxe5 Qxd6 13. Nf3 a6 14.
Be4 Ra7 15. cxd4 Bxd4 16. Rb1 Bf6 17. d4 Bb7 18. Qd3 Bxe4 19. Qxe4 Qd5 20. Qg4 Qf5 21. Qg3 Qxb1 22. Bxh6 Qg6 23. Bg5 Bxg5 24. Nxg5 Nf5 25.
Qf4 Rd7 26. Rd1 Rfd8 27. h4 Rxd4 28. Rxd4 Nxd4 29. Qc7 Ne2+ 30. Kf1 Rd1+ 31. Kxe2 Qd3# 0-1

[Event "Late-Titled-Tuesday-Blitz-May-07-2024"]
[Site "Chess.com"]
[Date "2024.05.07"]
[Round "1"]
[White "Akhayan"]
[Black "TanitoluwaAps116"]
[Result "0-1"]
[WhiteElo "2429"]
[BlackElo "2745"]
[TimeControl "180+1"]
[EndTime "14:04:13 PDT"]
[Termination "TanitoluwaAps116 won by resignation"]

1. e4 c5 2. Nf3 e6 3. d4 cxd4 4. c3 dxc3 5. Nxc3 Nc6 6. Bc4 Bb4 7. O-O Nge7 8. Qe2 Ng6 9. Bg5 f6 10. Be3 O-O 11. Rac1 a6 12. Rfd1 Qe7 13. Nd5 exd5 14.
exd5 Kh8 15. dxc6 dxc6 16. a3 Bd6 17. b4 Bg4 18. h3 Bxf3 19. Qxf3 Rad8 20. Bb3 f5 21. Bb6 Rde8 22. Re1 Qxe1+ 0-1

[Event "Late-Titled-Tuesday-Blitz-May-07-2024"]
[Site "Chess.com"]
[Date "2024.05.07"]
[Round "1"]
[White "Eloist"]
[Black "ArtemDyachuk"]
[Result "0-1"]
[WhiteElo "2389"]
[BlackElo "2698"]
[TimeControl "180+1"]
[EndTime "14:04:14 PDT"]
[Termination "ArtemDyachuk won by resignation"]

1. e4 c5 2. Nf3 Nc6 3. Bb5 d6 4. O-O Bd7 5. Re1 a6 6. Bxc6 Bxc6 7. d4 cxd4 8. Nxd4 Bd7 9. c4 g6 10. Nc3 Bg7 11. Be3 Nf6 12. f3 O-O 13. Qd2 Rc8 14.
b3 Re8 15. Bh6 Bh8 16. Rad1 b5 17. cxb5 axb5 18. Be3 b4 19. Nd5 Nxd5 20. exd5 Qa5 21. Ne2 Ra8 22. Nc1 Bc3 23. Qf2 Bxe1 24. Qxe1 Rec8 25.
Bd4 Qxd5 26. Qxe7 Rxc1 27. Rxc1 Qxd4+ 28. Kh1 Be6 0-1

[Event "Late-Titled-Tuesday-Blitz-May-07-2024"]
[Site "Chess.com"]
[Date "2024.05.07"]
[Round "1"]
[White "NikitaShnadrygin"]
[Black "Chessdude1987"]
[Result "0-1"]
[WhiteElo "2676"]
[BlackElo "2403"]
[TimeControl "180+1"]
[EndTime "14:04:16 PDT"]
[Termination "Chessdude1987 won on time"]

1. e4 e6 2. d4 d5 3. Nd2 c5 4.
exd5 Qxd5 5. Ngf3 cxd4 6. Bc4 Qd6 7. O-O Nf6 8. Nb3 Nc6 9. Nbxd4 Nxd4 10. Nxd4 Be7 11.
c3 O-O 12. Qe2 a6 13. Rd1 Qc7 14. Bg5 b5 15. Bb3 Bb7 16. a4 b4 17. cxb4 Bxb4 0-1

[Event "Late-Titled-Tuesday-Blitz-May-07-2024"]
[Site "Chess.com"]
[Date "2024.05.07"]
[Round "1"]
[White "kylelancman"]
[Black "Alex_Sahakyan2006"]
[Result "0-1"]
[WhiteElo "2504"]
[BlackElo "2855"]
[TimeControl "180+1"]
[EndTime "14:04:18 PDT"]
[Termination "Alex_Sahakyan2006 won by resignation"]

1. e4 e5 2. Nf3 Nc6 3. Nc3 Bb4 4.
Nd5 Be7 5. Bc4 Nf6 6. d3 d6 7. O-O O-O 8. h3 Na5 9. Nxe7+ Qxe7 10. Bb3 Nxb3 11. axb3 h6 12. Nh2 d5 13. exd5 Nxd5 14. Qe2 Re8 15. Nf3 f6 16. Re1 Qf7 17. Bd2 Bd7 18.
Qe4 Bc6 19. Qh4 Ne7 20. Qg4 h5 21. Qc4 Bd5 22. Qxc7 Rec8 23. Qd6 Bxf3 24. gxf3 Rxc2 25. Bb4 Nf5 26. Qd5 Qxd5 0-1

[Event "Late-Titled-Tuesday-Blitz-May-07-2024"]
[Site "Chess.com"]
[Date "2024.05.07"]
[Round "1"]
[White "KebabJangles"]
[Black "TangerineandLemon25"]
[Result "1-0"]
[WhiteElo "2376"]
[BlackElo "2647"]
[TimeControl "180+1"]
[EndTime "14:04:18 PDT"]
[Termination "KebabJangles won by resignation"]

1. d4 Nf6 2. c4 e6 3. Nf3 d5 4.
g3 b6 5. Bg2 Bb7 6. O-O Be7 7.
Qc2 O-O 8. Nc3 c5 9. cxd5 Nxd5 10. Nxd5 Bxd5 11. e4 Bb7 12. Rd1 Qc7 13. Bf4 Qc8 14.
Rac1 Nc6 15. d5 Nb4 16. Qb3 exd5 17. exd5 a5 18. a3 a4 19. Qc4 Ba6 20. Qe4 Bf6 21. axb4 Bxb2 22. Rc2 a3 23. bxc5 bxc5 24. d6 Re8 25.
Qd5 Bb7 26. Qa2 Qf5 27. Rcd2 Qe6 28. Qxe6 fxe6 29. d7 Red8 30. Bc7 Rf8 31. Ne5 Bxg2 32. Kxg2 Bd4 33. d8=Q Rfxd8 34. Bxd8 Rxd8 35. Nc6 Ra8 36. Nxd4 cxd4 37. Rxd4 a2 38. Rd8+ 1-0

[Event "Late-Titled-Tuesday-Blitz-May-07-2024"]
[Site "Chess.com"]
[Date "2024.05.07"]
[Round "1"]
[White "mfschulz"]
[Black "dlp300"]
[Result "0-1"]
[WhiteElo "2321"]
[BlackElo "2646"]
[TimeControl "180+1"]
[EndTime "14:04:21 PDT"]
[Termination "dlp300 won by resignation"]

1. d4 d5 2. Bg5 c5 3. Nc3 Nc6 4. e3 cxd4 5. exd4 Bf5 6. Bd3 Qd7 7. Nge2 h6 8. Bh4 Rc8 9. O-O Bxd3 10. Qxd3 e6 11.
Rfe1 Be7 12. Bxe7 Ngxe7 13. a3 O-O 14. Ng3 a6 15. Re2 Rc7 16. Rae1 Rfc8 17. Nh5 Nf5 18. Re5 Nxe5 19. dxe5 Rc4 20. h3 Qc7 21. Re3 Nxe3 22.
Qxe3 Rxc3 23. bxc3 Qxc3 24. Qf4 Qxc2 25. Qg4 Qg6 26. Qb4 Qxh5 0-1

[Event "Late-Titled-Tuesday-Blitz-May-07-2024"]
[Site "Chess.com"]
[Date "2024.05.07"]
[Round "1"]
[White "Statham_01"]
[Black "hsd2016"]
[Result "1-0"]
[WhiteElo "2653"]
[BlackElo "2336"]
[TimeControl "180+1"]
[EndTime "14:04:22 PDT"]
[Termination "Statham_01 won by resignation"]

1. e4 c5 2. a3 Nf6 3. e5 Nd5 4. Nf3 Nc6 5. c4 Nb6 6. a4 a5 7. Nc3 g6 8. d4 cxd4 9. Nxd4 Nxe5 10. c5 Nbc4 11. b3 d6 12. Bxc4 Nxc4 13. bxc4 dxc5 14. Ndb5 Qxd1+ 15. Nxd1 Kd8 16. Bf4 Bg7 17. Ndc3 Bd7 18. Rd1 Ra6 19. O-O Kc8 20. Nd5 e6 21. Na7+ Rxa7 22.
Nb6+ Kd8 23. Rxd7+ Ke8 24. Bg5 f6 25. Rxg7 1-0

[Event "Late-Titled-Tuesday-Blitz-May-07-2024"]
[Site "Chess.com"]
[Date "2024.05.07"]
[Round "1"]
[White "Albertu"]
[Black "xasid81"]
[Result "1-0"]
[WhiteElo "2462"]
[BlackElo "2611"]
[TimeControl "180+1"]
[EndTime "14:04:27 PDT"]
[Termination "Albertu won by resignation"]

1. e4 c6 2. d4 d5 3. Nc3 dxe4 4.
Nxe4 Nf6 5. Nxf6+ exf6 6. c3 Bd6 7. Bd3 O-O 8. Qc2 Re8+ 9. Ne2 h5 10. O-O Nd7 11.
Kh1 Nf8 12. f4 Qc7 13. c4 b6 14. Ng1 Ne6 15. Qf2 c5 16. d5 Nd4 17. Nf3 Nxf3 18.
Qxf3 Bg4 19. Qf2 Re7 20. h3 Bd7 21. Qf3 g6 22. f5 g5 23. Qxh5 Rae8 24. Bxg5 Be5 25.
Bh6 Kh7 26. Rae1 Rh8 27. Re4 1-0

[Event "Late-Titled-Tuesday-Blitz-May-07-2024"]
[Site "Chess.com"]
[Date "2024.05.07"]
[Round "1"]
[White "jefferyx"]
[Black "HeroWilczek"]
[Result "1-0"]
[WhiteElo "3119"]
[BlackElo "2555"]
[TimeControl "180+1"]
[EndTime "14:04:34 PDT"]
[Termination "jefferyx won by resignation"]

1. e4 e6 2. d4 d5 3. Nc3 Bb4 4. e5 c5 5. a3 Bxc3+ 6. bxc3 Ne7 7. Qg4 g6 8. a4 h5 9. Qf4 Nf5 10. Nf3 Qc7 11. Bb5+ Bd7 12. O-O h4 13. g4 hxg3 14.
hxg3 cxd4 15. cxd4 Qxc2 16. g4 Nh4 17. Ng5 Rf8 18. Ba3 f5 19. Rfc1 1-0

[Event "Late-Titled-Tuesday-Blitz-May-07-2024"]
[Site "Chess.com"]
[Date "2024.05.07"]
[Round "1"]
[White "Pig-filth"]
[Black "ozates"]
[Result "0-1"]
[WhiteElo "2310"]
[BlackElo "2642"]
[TimeControl "180+1"]
[EndTime "14:04:37 PDT"]
[Termination "ozates won by resignation"]

1. d4 Nf6 2. Bg5 Ne4 3. Bf4 d6 4. e3 g6 5. Bd3 Nf6 6. Nd2 Bg7 7.
Ngf3 O-O 8. h3 c5 9. c3 b6 10. Qe2 Nc6 11. a3 Re8 12. O-O e5 13. dxe5 dxe5 14.
Bg5 Bb7 15. Rad1 Qc7 16. Bb5 a6 17. Ba4 b5 18. Bc2 h6 19. Bh4 c4 20. Bg3 Rad8 21.
Ne4 Nxe4 22. Bxe4 f5 23. Bd5+ Kh7 24. Bxc6 Qxc6 25. Rxd8 Rxd8 26. Rd1 Rd3 27. Rxd3 cxd3 28. Qd2 a5 29. b4 a4 30. h4 Qe6 31. Qxd3 e4 32.
Qxb5 Bc6 33. Nd4 Bxd4 0-1

[Event "Late-Titled-Tuesday-Blitz-May-07-2024"]
[Site "Chess.com"]
[Date "2024.05.07"]
[Round "1"]
[White "Vahe_Danielyan"]
[Black "remyrushbrooke"]
[Result "0-1"]
[WhiteElo "2614"]
[BlackElo "2300"]
[TimeControl "180+1"]
[EndTime "14:04:42 PDT"]
[Termination "remyrushbrooke won by checkmate"]

1. e4 g6 2. d4 Bg7 3. Nc3 d6 4. Be3 a6 5. h4 h6 6. h5 g5 7. Nge2 b5 8. Ng3 e6 9. Bd3 Nd7 10. O-O Bb7 11. f4 gxf4 12. Rxf4 c5 13. Qg4 Qg5 14. dxc5 Nxc5 15. Qf3 Nxd3 16. cxd3 Qe7 17.
Rf1 f5 18. Qf2 Be5 19. Rf3 Nf6 20. d4 Ng4 21. Qe2 Qh4 22. Re1 Bxg3 23. d5 Qh2+ 24. Kf1 Qh1+ 25. Bg1 Nh2# 0-1

[Event "Late-Titled-Tuesday-Blitz-May-07-2024"]
[Site "Chess.com"]
[Date "2024.05.07"]
[Round "1"]
[White "ImportedItalianMaple"]
[Black "baki83"]
[Result "0-1"]
[WhiteElo "2526"]
[BlackElo "2921"]
[TimeControl "180+1"]
[EndTime "14:04:43 PDT"]
[Termination "baki83 won by resignation"]

1. e4 c5 2. Nf3 d6 3. Bb5+ Bd7 4.
Bxd7+ Qxd7 5. O-O Nf6 6. e5 dxe5 7. Nxe5 Qc7 8. d4 cxd4 9. Qxd4 Nc6 10. Nxc6 Qxc6 11.
Nc3 e6 12. Bg5 Be7 13. Rad1 O-O 14. Rd3 Rfd8 15. Qe3 Rxd3 16. Qxd3 Rd8 17. Qe2 Qb6 18. b3 Qb4 19. Qf3 h6 20. Bxf6 Bxf6 21. Ne4 Be7 22.
Rd1 Rxd1+ 23. Qxd1 Qxe4 0-1

[Event "Late-Titled-Tuesday-Blitz-May-07-2024"]
[Site "Chess.com"]
[Date "2024.05.07"]
[Round "1"]
[White "Alina_Gumerovna"]
[Black "gshwbedhkhd"]
[Result "0-1"]
[WhiteElo "2179"]
[BlackElo "2594"]
[TimeControl "180+1"]
[EndTime "14:04:44 PDT"]
[Termination "gshwbedhkhd won by resignation"]

1. e4 c5 2. Nf3 e6 3. c4 Nc6 4.
Nc3 Nd4 5. g3 Ne7 6. Bg2 Nec6 7.
O-O g6 8. Rb1 Bg7 9. a3 a5 10.
d3 O-O 11. Bg5 Nxf3+ 12. Bxf3 Qxg5 13. Bg2 Nd4 14. f4 Qe7 15. Kh1 Rb8 16. Qa4 b6 17. e5 d6 18. exd6 Qxd6 19. Ne4 Qe7 20. h4 Bb7 21. Kh2 Rfd8 22. b4 Bc6 23. b5 Bb7 24. Qd1 e5 25. Qg4 f5 0-1

[Event "Late-Titled-Tuesday-Blitz-May-07-2024"]
[Site "Chess.com"]
[Date "2024.05.07"]
[Round "1"]
[White "lupta_robin"]
[Black "Denisenko_Denis"]
[Result "1-0"]
[WhiteElo "2667"]
[BlackElo "2372"]
[TimeControl "180+1"]
[EndTime "14:04:47 PDT"]
[Termination "lupta_robin won by resignation"]

1. b3 d5 2. Bb2 c6 3. Nf3 Bf5 4. e3 e6 5. c4 Nf6 6. Nc3 Be7 7.
d4 h6 8. Bd3 Bxd3 9. Qxd3 Nbd7 10. O-O O-O 11. e4 dxe4 12. Nxe4 Nxe4 13. Qxe4 Bf6 14.
Ne5 Nxe5 15. dxe5 Be7 16. Rfd1 Qc7 17. h4 Rfd8 18. h5 Rxd1+ 19. Rxd1 Rd8 20. Rd3 Rxd3 21. Qxd3 Qd8 22. Qc2 f5 23. exf6 Bxf6 24. Bc1 Qe8 25. g4 Qd7 26. Be3 b6 27. Qg6 Kf8 28. Bxh6 Qd1+ 29. Kg2 Qe2 30. Bf4 Bd4 31. Bd6+ Kg8 32. Qe8+ Kh7 33. Qg6+ Kg8 34. Bg3 Qxa2 35. Qxe6+ Kh7 36.
Qe4+ 1-0

[Event "Late-Titled-Tuesday-Blitz-May-07-2024"]
[Site "Chess.com"]
[Date "2024.05.07"]
[Round "1"]
[White "arenal72"]
[Black "seasidesunset"]
[Result "1-0"]
[WhiteElo "2626"]
[BlackElo "2270"]
[TimeControl "180+1"]
[EndTime "14:04:47 PDT"]
[Termination "arenal72 won by resignation"]

1. Nf3 c5 2. g3 Nf6 3. Bg2 g6 4. O-O Bg7 5. d3 O-O 6. e4 d6 7. Qe2 e5 8. h3 Nc6 9. c3 Ne8 10. a3 f5 11. exf5 gxf5 12. b4 cxb4 13. axb4 Nf6 14. b5 Ne7 15. Qa2+ Kh8 16. Ba3 Ng6 17.
Nbd2 Re8 18. Ng5 Qe7 19. Bxd6 1-0

[Event "Late-Titled-Tuesday-Blitz-May-07-2024"]
[Site "Chess.com"]
[Date "2024.05.07"]
[Round "1"]
[White "lluiss"]
[Black "VD_coach"]
[Result "0-1"]
[WhiteElo "2218"]
[BlackElo "2608"]
[TimeControl "180+1"]
[EndTime "14:04:53 PDT"]
[Termination "VD_coach won by resignation"]

1. Nf3 Nf6 2. d4 g6 3. g3 Bg7 4. Bg2 O-O 5. O-O d6 6. c4 Nbd7 7. Nc3 e5 8. h3 Re8 9. Re1 e4 10. Ng5 e3 11. Bxe3 Rxe3 12. fxe3 Nh5 13. Nge4 f5 14.
Nf2 Nxg3 15. Nd5 c6 16. Nf4 Qe7 17. Qd3 Bh6 18. Kh2 Qh4 19. Ne6 Nh5 20. Nh1 Ndf6 21. Bf3 Bxe6 0-1

[Event "Late-Titled-Tuesday-Blitz-May-07-2024"]
[Site "Chess.com"]
[Date "2024.05.07"]
[Round "1"]
[White "NaciSAN"]
[Black "machinegun1"]
[Result "0-1"]
[WhiteElo "2300"]
[BlackElo "2636"]
[TimeControl "180+1"]
[EndTime "14:04:54 PDT"]
[Termination "machinegun1 won by resignation"]

1. e4 c5 2. Nf3 Nc6 3. Bb5 Qb6 4.
Nc3 e6 5. O-O Nge7 6. Re1 a6 7.
Bf1 Nd4 8. d3 Nec6 9. Nxd4 cxd4 10. Ne2 Bd6 11. g3 h5 12. h4 Ne5 13. Nf4 Ng4 14. b3 Bb4 15. Bd2 Bxd2 16. Qxd2 d6 17. Bh3 Ne5 18. Bg2 Bd7 19. c3 Rc8 20. Rec1 g6 21.
cxd4 Qxd4 22. Rxc8+ Bxc8 23. Rc1 Bd7 24. Qc3 Qxc3 25. Rxc3 Kd8 26. b4 Nc6 27. a3 Nd4 28. Kf1 Bb5 29. Ke1 Kd7 30. Kd2 Ba4 31. Ne2 Nb5 32.
Rc1 Rc8 33. Nc3 Nd4 34. Ra1 Nb3+ 0-1

[Event "Late-Titled-Tuesday-Blitz-May-07-2024"]
[Site "Chess.com"]
[Date "2024.05.07"]
[Round "1"]
[White "youngdinousaur"]
[Black "Cipy77"]
[Result "0-1"]
[WhiteElo "2298"]
[BlackElo "2632"]
[TimeControl "180+1"]
[EndTime "14:04:55 PDT"]
[Termination "Cipy77 won by resignation"]

1. d4 e6 2. Nf3 b6 3. e4 Bb7 4. Nc3 c5 5. d5 exd5 6. exd5 Nf6 7. d6 Ne4 8. Nb5 Na6 9. Bf4 Qf6 10. Be5 Qe6 11.
b3 Ng5 12. Bc4 Nxf3+ 13. gxf3 Qxe5+ 14. Kf1 g6 15. Qd2 Qxa1+ 16. Kg2 Bxf3+ 17. Kxf3 Qxh1+ 18. Kg3 Qg1+ 19. Kf3 h5 20. Qe3+ Kd8 21. Qe4 Qg4+ 22. Qxg4 hxg4+ 0-1

[Event "Late-Titled-Tuesday-Blitz-May-07-2024"]
[Site "Chess.com"]
[Date "2024.05.07"]
[Round "1"]
[White "PavlovDanila"]
[Black "brouetoscope"]
[Result "1-0"]
[WhiteElo "2639"]
[BlackElo "2310"]
[TimeControl "180+1"]
[EndTime "14:04:56 PDT"]
[Termination "PavlovDanila won by resignation"]

1. e4 c5 2. Nf3 d6 3. d4 cxd4 4. Nxd4 Nf6 5. Nc3 g6 6. Be3 Bg7 7. f3 O-O 8. Qd2 Nc6 9. O-O-O d5 10. Nxc6 bxc6 11. e5 Nd7 12. f4 e6 13. Na4 a5 14.
h4 Qe7 15. h5 c5 16. hxg6 fxg6 17. c3 Bb7 18. Bb5 Rac8 19. Bxd7 Qxd7 20. Nxc5 Qb5 21. Nxe6 Rf7 22. Nxg7 Rxg7 23. Bd4 a4 24. g4 a3 25. b3 Rgc7 26. f5 Qa5 27. Rh3 1-0

[Event "Late-Titled-Tuesday-Blitz-May-07-2024"]
[Site "Chess.com"]
[Date "2024.05.07"]
[Round "1"]
[White "CarrotsandPizza"]
[Black "shirovin"]
[Result "1-0"]
[WhiteElo "2579"]
[BlackElo "2070"]
[TimeControl "180+1"]
[EndTime "14:04:57 PDT"]
[Termination "CarrotsandPizza won by checkmate"]

1. e4 Nf6 2. e5 Nd5 3. d4 d6 4. f4 dxe5 5. fxe5 Bf5 6. Nf3 e6 7. Bd3 Bxd3 8. Qxd3 Nc6 9. c3 Be7 10. O-O O-O 11. Nbd2 Nf4 12. Qe3 Ng6 13. Ne4 Na5 14.
Qe2 b6 15. Bd2 c5 16. h4 cxd4 17. h5 Nh4 18. Nxh4 Bxh4 19. Qg4 Nc4 20. Bh6 g6 21. Bxf8 Ne3 22. Qf4 Nxf1 23. Rxf1 f5 24. exf6 Qxf8 25.
f7+ Kh8 26. Qe5+ Qg7 27. f8=Q+ Rxf8 28. Rxf8# 1-0